Selects Italian Combined Arms Battlegroup
Selects Bersaglieri Squad
Construct Light Support Kompanie
Construct Mechanized Kompanie
Construct Mechanized Kompanie
Selects Semovente da 75/18 Assault Gun
Marder III Tank Destroyer
Selects Carro Armato M13/40 Light Tank
Carro Armato M13/40 Light Tank
18-tonne Recovery Half-track
Selects Vehicle Support - Secure Location
Selects Vehicle Support - Force Recon
Carro Armato M13/40 Light Tank
Marder III Tank Destroyer
Carro Armato M13/40 Light Tank
Marder III Tank Destroyer
Marder III Tank Destroyer
Carro Armato M13/40 Light Tank
Marder III Tank Destroyer
Marder III Tank Destroyer